AoeStats
← Santi Povs

Arena

504616550Analyzed
4v4 RM · 26d ago on Sep 6, 2026· 86m 23s· 8 players
Game mode
Random Map
Map size
Large (8 player)
Population
200
Speed
Normal
Resources
Standard
Victory
Conquest
Starting age
Dark Age
Ending age
Imperial Age
RankedLock teamsTeams togetherTeam positionsShared explorationLock speedFull tech treeHidden civsTurbo modeCheats
Victory
Defeat
🇬🇧 Japanese · United Kingdom
1035
+15
🇨🇦 Bohemians · Canada
1008
+16
🇨🇴 Celts · Colombia
983
+17
🇨🇴 Bengalis · Colombia
952
+18
🇩🇪 Jurchens · Germany
1107
-20
🇺🇸 Cumans · United States
1034
-18
🇬🇧 Vikings · United Kingdom
968
-15
🇺🇸 Burgundians · United States
916
-13
Paul Chuckle
0:29 Loom
10:36 Feudal Age
11:07 Double-Bit Axe
11:03 Horse Collar
17:42 Man-at-Arms
20:56 Castle Age
21:22 Stone Mining
22:15 Wheelbarrow
22:33 Bow Saw
37:40 Wheelbarrow
37:09 Heavy Plow
39:55 Forging
41:07 Yasama
42:46 Scale Mail Armor
43:12 Pikeman
45:00 Fortified Wall
50:00 Imperial Age
47:20 Town Watch
47:54 Gold Mining
48:42 Hand Cart
50:07 Gold Shaft Mining
50:32 Elite Samurai
51:09 Capped Ram
54:15 Kataparuto
54:10 Murder Holes
55:48 Caravan
57:57 Two-Man Saw
57:57 Conscription
60:46 Scale Mail Armor
61:22 Iron Casting
60:37 Fletching
61:50 Hoardings
62:41 Ballistics
62:13 Guard Tower
62:05 Treadmill Crane
62:36 Masonry
62:35 Squires
67:46 Keep
68:08 Halberdier
68:34 Arson
72:09 Onager
77:39 Fortified Wall
77:35 Siege Engineers
77:16 Arrowslits
80:39 Bodkin Arrow
81:45 Blast Furnace
81:00 Chain Mail Armor
80:46 Padded Archer Armor
Rage of Khorne
0:41 Loom
10:50 Feudal Age
11:37 Double-Bit Axe
13:28 Horse Collar
18:10 Castle Age
22:48 Heavy Plow
26:00 Wheelbarrow
25:39 Bow Saw
29:55 Hand Cart
29:56 Fervor
30:34 Elite Skirmisher
30:38 Pikeman
31:19 Squires
31:05 Arson
33:24 Chemistry
37:46 Imperial Age
41:25 Two-Man Saw
43:17 Ballistics
42:38 Treadmill Crane
60:16 Forging
60:07 Scale Mail Armor
61:22 Fletching
68:00 Chain Mail Armor
78:36 Conscription
82:26 Caravan
El Ogro
10:59 Feudal Age
15:01 Castle Age
15:20 Wheelbarrow
14:43 Double-Bit Axe
20:12 Horse Collar
24:20 Forging
25:09 Scale Barding Armor
28:15 Chain Barding Armor
27:47 Fletching
28:19 Bloodlines
31:24 Imperial Age
29:43 Bodkin Arrow
30:23 Paiks
30:50 Hand Cart
31:37 Ballistics
32:22 Bracer
33:00 Iron Casting
33:01 Plate Barding Armor
32:35 Heavy Plow
32:49 Bow Saw
33:06 Conscription
33:18 Elite Battle Elephant
36:13 Siege Engineers
35:35 Elite Ratha (Ranged)
36:10 Light Cavalry
38:49 Blast Furnace
38:03 Gold Mining
38:24 Elite Elephant Archer
41:04 Chemistry
45:16 Pikeman
46:44 Squires
46:53 Scale Mail Armor
47:10 Halberdier
49:58 Arson
52:01 Elite Skirmisher
55:24 Crop Rotation
55:55 Gold Shaft Mining
55:48 Mahayana
57:20 Gambesons
72:39 Padded Archer Armor
73:25 Heavy Scorpion
74:36 Loom
78:50 Leather Archer Armor
78:51 Chain Mail Armor
Santi Povs
10:34 Feudal Age
14:47 Castle Age
13:10 Double-Bit Axe
17:53 Loom
21:03 Scale Mail Armor
22:23 Forging
23:32 Pikeman
24:57 Iron Casting
25:58 Wheelbarrow
26:38 Man-at-Arms
27:03 Gambesons
27:29 Long Swordsman
31:42 Chain Mail Armor
34:15 Hand Cart
33:47 Town Watch
38:36 Imperial Age
35:54 Horse Collar
36:26 Bow Saw
37:37 Gold Mining
37:39 Stone Mining
39:51 Gold Shaft Mining
38:46 Heavy Scorpion
38:54 Capped Ram
39:10 Two-Handed Swordsman
39:11 Halberdier
41:00 Champion
42:54 Siege Ram
45:01 Plate Mail Armor
45:33 Blast Furnace
44:45 Heavy Plow
47:22 Chemistry
55:55 Onager
76:06 Siege Onager
83:54 Caravan
Lemon5295
11:28 Feudal Age
17:16 Castle Age
16:07 Double-Bit Axe
16:25 Horse Collar
16:36 Man-at-Arms
19:13 Long Swordsman
24:21 Squires
25:49 Squires
25:35 Arson
28:44 Scale Mail Armor
28:54 Forging
31:52 Iron Casting
31:34 Chain Mail Armor
36:05 Pikeman
66:01 Imperial Age
66:41 Two-Handed Swordsman
70:38 Capped Ram
72:39 Siege Ram
84:36 Blast Furnace
84:06 Plate Mail Armor
CriPe FusIonz
9:53 Feudal Age
14:20 Castle Age
14:10 Scale Barding Armor
15:47 Double-Bit Axe
19:55 Forging
22:08 Bloodlines
22:22 Chain Barding Armor
23:00 Husbandry
22:58 Horse Collar
32:48 Imperial Age
31:37 Heavy Plow
32:57 Elite Steppe Lancer
34:32 Plate Barding Armor
37:12 Iron Casting
40:20 Wheelbarrow
54:15 Light Cavalry
57:06 Hussar
68:45 Thunderclap Bombs
XxMrKr0NiC420xX
7:58 Loom
10:02 Feudal Age
10:40 Man-at-Arms
12:36 Arson
14:38 Scale Mail Armor
16:04 Forging
18:27 Wheelbarrow
25:02 Horse Collar
29:55 Castle Age
30:19 Capped Ram
30:38 Long Swordsman
31:19 Squires
31:59 Chain Mail Armor
31:52 Pikeman
34:40 Hand Cart
34:12 Town Watch
35:18 Thumb Ring
38:12 Iron Casting
37:36 Elite Skirmisher
38:57 Double-Bit Axe
40:24 Bow Saw
40:18 Heavy Plow
42:25 Bloodlines
41:37 Light Cavalry
45:42 Imperial Age
44:56 Scale Barding Armor
44:42 Fletching
44:53 Padded Archer Armor
47:17 Siege Ram
47:33 Cavalier
49:23 Conscription
49:53 Thumb Ring
50:52 Halberdier
51:22 Two-Handed Swordsman
52:02 Champion
54:55 Blast Furnace
54:26 Plate Mail Armor
55:05 Crop Rotation
54:37 Gold Mining
54:38 Stone Mining
55:08 Bodkin Arrow
55:53 Light Cavalry
57:17 Hussar
MrMike26786
10:06 Feudal Age
16:50 Castle Age
16:35 Loom
20:02 Double-Bit Axe
20:28 Horse Collar
21:23 Fletching
23:57 Town Watch
26:49 Scale Barding Armor
31:23 Wheelbarrow
35:40 Imperial Age
33:14 Heavy Plow
33:34 Bodkin Arrow
37:29 Hand Cart
38:04 Chain Barding Armor
37:54 Forging
37:46 Scale Mail Armor
38:54 Fortified Wall
38:31 Arrowslits
41:17 Elite Coustillier
42:31 Murder Holes
45:33 Plate Barding Armor
45:34 Iron Casting
45:16 Chain Mail Armor
45:36 Pikeman
46:17 Squires
46:03 Arson
48:10 Ballistics
47:31 Treadmill Crane
50:30 Blast Furnace
49:31 Bracer
50:15 Halberdier
52:22 Padded Archer Armor
52:53 Plate Mail Armor
52:10 Cavalier
52:51 Husbandry
53:32 Light Cavalry
55:40 Chemistry
55:13 Paladin
57:34 Leather Archer Armor
59:13 Masonry
71:28 Hussar
73:39 Crop Rotation
73:42 Architecture
73:34 Bombard Tower
Connection lost

Rejoining the realm…

Still unreachable

The connection could not be restored.

Session expired

The server has moved on; the page needs a fresh start.